Map: Orbital Shipyard

Players

Tekniqs - Winner!

  • Race: Terran Terran
  • League: Gold

Ame

  • Race: Zerg Zerg
  • League: Bronze

VOD

Have the link to the VOD?

Description

Time

  • Played on: Nov. 13, 2015, 7:38 p.m.
  • Length: 11:03
Show
View Real Time Build Order
Export as new Build Order

Tekniqs Terran - Winner!

Build Orders: Reaper Expand, MMM Bio 

Get SALT Encoding   

  12  0:00  SCV  
  13  0:12  SCV  
  14  0:18  Supply Depot  
  14  0:24  SCV  
  15  0:40  Barracks  
  15  0:45  SCV, Refinery  
  16  0:57  SCV  
  17  1:09  SCV  
  18  1:27  Orbital Command  
  18  1:28  Supply Depot  
  18  1:29  Reaper  
  19  1:53  SCV  
  20  1:58  Command Center  
  20  2:02  Barracks Reactor  
  20  2:05  SCV  
  21  2:11  Refinery  
  21  2:14  Barracks  
  21  2:17  SCV  
  22  2:27  Factory  
  22  2:29  SCV  
  23  2:41  SCV  
  24  2:51  Supply Depot  
  24  2:53  SCV  
  25  2:59  Marine x2  
  25  3:05  SCV  
  28  3:06  Barracks Tech Lab  
  28  3:13  Starport  
  28  3:16  Marine  
  28  3:17  Orbital Command, Marine  
  28  3:18  SCV  
  31  3:26  Marine  
  32  3:34  SCV  
  33  3:42  Marine  
  33  3:44  Stimpack, Marauder  
  33  3:46  SCV, Factory Reactor  
  33  3:47  SCV  
  38  3:50  Starport Reactor  
  38  3:58  SCV  
  38  3:59  SCV, Marine  
  41  4:05  Marauder  
  43  4:11  SCV  
  43  4:12  SCV  
  43  4:16  Refinery  
  45  4:22  Marine x2  
  47  4:27  Marauder  
  47  4:29  SCV  
  50  4:33  SCV  
  50  4:35  Medivac  
  53  4:39  Supply Depot  
  53  4:40  Supply Depot, Marine  
  53  4:42  Supply Depot  
  54  4:52  Engineering Bay  
  54  4:54  Engineering Bay  
  54  5:00  Marine x2, Widow Mine x2  
  54  5:01  SCV x2, Medivac  
  54  5:05  Medivac  
  66  5:13  SCV x2  
  68  5:22  Terran Infantry Weapons Level 1, Terran Infantry Armor Level 1  
  68  5:25  SCV x2, Liberator  
  70  5:37  SCV x2  
  75  5:49  SCV x2  
  77  5:51  Command Center, Marine  
  77  5:57  Supply Depot, Barracks  
  78  5:58  Supply Depot  
  78  6:18  SCV, Marine x2  
  78  6:19  Marauder  
  83  6:36  SCV x2, Marine  
  83  6:37  Supply Depot  
  86  6:42  Combat Shields  
  86  6:53  Liberator  
  86  6:54  Marine, Liberator  
  86  6:55  Marine  
  86  6:56  Marine  
  86  6:57  Marine  
  84  7:08  Orbital Command  
  82  7:12  SCV x2, Marine  
  82  7:13  Marauder  
  82  7:14  Marine  
  90  7:25  SCV  
  90  7:27  Orbital Command  
  91  7:31  Armory  
  91  7:34  Marauder  
  91  7:35  Barracks x2  
  93  7:37  Barracks  
  93  7:43  SCV  
  94  7:54  SCV x2  
  94  7:56  Marauder  
  98  7:59  Supply Depot x2, Marine x3  
  98  8:00  Supply Depot  
  98  8:01  Supply Depot  
  101  8:06  SCV  
  101  8:07  SCV  
  101  8:12  Refinery  
  103  8:16  Refinery  
  103  8:17  Marauder, Marine  
  106  8:20  SCV  
  106  8:21  SCV  
  106  8:22  Marine  
  106  8:24  Concussive Shells  
  106  8:26  Barracks Reactor x2  
  109  8:27  Barracks Reactor, Widow Mine x2  
  109  8:28  Barracks Reactor  
  109  8:31  SCV  
  109  8:33  SCV  
  115  8:35  Marine  
  115  8:38  Refinery, Marauder  
  115  8:39  SCV  
  115  8:40  Marine  
  120  8:43  SCV  
  120  8:48  Supply Depot  
  121  8:50  Supply Depot  
  121  8:51  SCV, Supply Depot  
  121  8:52  Marine  
  123  8:57  Marine  
  123  9:00  Marauder  
  126  9:03  SCV  
  126  9:08  Marine x4  
  126  9:09  Marine x3  
  134  9:10  Marine  
  134  9:14  Marine  
  134  9:15  Marine  
  137  9:21  Marauder  
  126  9:26  Marine x5  
  126  9:27  Marine x2  
  126  9:28  Marine  
  132  9:32  Marine  
  132  9:33  Marine  
  132  9:35  Medivac x2  
  138  9:42  Command Center  
  138  9:43  Marauder  
  138  9:44  Marine x2  
  138  9:45  Command Center, SCV  
  142  9:51  Factory  
  143  9:53  Starport  
  143  9:57  Marine x2  
  143  9:59  SCV  
  143  10:01  Marine x4  
  143  10:02  Widow Mine x2, Marine  
  143  10:04  Marauder  
  152  10:25  Marauder  
  154  10:30  Widow Mine  
  156  10:36  SCV  
  156  10:37  SCV  
  158  10:43  Marine x4  
  158  10:44  Marine x3  
Show
View Real Time Build Order
Export as new Build Order

Ame Zerg 

Build Orders: Pool First 

Get SALT Encoding   

  12  0:01  Drone  
  13  0:07  Drone  
  14  0:17  Overlord  
  14  0:36  Drone  
  14  0:37  Drone x2  
  17  0:46  Spawning Pool  
  17  0:49  Drone  
  17  0:58  Drone  
  18  1:15  Hatchery  
  18  1:17  Extractor  
  18  1:18  Drone  
  17  1:21  Drone  
  18  1:31  Drone  
  19  1:34  Queen  
  21  1:41  Overlord  
  21  1:55  Zergling x2  
  22  2:04  Overlord  
  22  2:09  Queen  
  22  2:14  Drone  
  25  2:18  Metabolic Boost  
  25  2:24  Drone  
  25  2:27  Drone  
  27  2:35  Drone  
  26  2:56  Drone x2  
  26  2:58  Drone x3  
  31  3:05  Spine Crawler  
  31  3:08  Drone  
  31  3:09  Drone  
  31  3:12  Drone  
  33  3:13  Drone  
  33  3:16  Extractor  
  33  3:31  Roach Warren  
  32  3:35  Baneling Nest  
  31  3:45  Lair  
  31  3:46  Drone x2  
  31  3:47  Drone x2  
  31  3:48  Drone x3  
  38  3:49  Queen  
  38  3:51  Overlord  
  40  3:56  Zergling x2  
  40  4:01  Drone  
  40  4:02  Drone x2  
  44  4:20  Baneling x2  
  44  4:32  Roach  
  44  4:33  Roach x3  
  44  4:38  Overlord x2  
  52  4:39  Overlord  
  52  4:40  Overlord x2  
  52  4:59  Hatchery  
  51  5:02  Drone x4  
  55  5:08  Roach x2  
  58  5:19  Roach  
  58  5:20  Roach  
  62  5:24  Glial Reconstitution  
  62  5:25  Drone  
  63  5:30  Extractor  
  63  5:34  Roach x5  
  72  5:38  Zergling x2  
  72  5:42  Zergling x2  
  74  5:50  Drone  
  74  5:51  Evolution Chamber  
  74  6:09  Roach x2  
  74  6:10  Roach x6  
  90  6:14  Drone  
  90  6:15  Drone  
  90  6:16  Drone  
  91  6:36  Hydralisk Den  
  89  6:53  Roach x7  
  97  6:58  Overseer  
  88  7:08  Queen  
  88  7:09  Queen x2  
  88  7:12  Roach x2  
  98  7:21  Spore Crawler  
  97  7:23  Drone  
  97  7:25  Overlord x4  
  98  7:31  Overlord x3  
  97  8:01  Hydralisk x2  
  97  8:02  Hydralisk x3  
  107  8:07  Drone x2  
  107  8:08  Drone x2  
  107  8:12  Extractor  
  110  8:24  Hydralisk x2  
  114  8:30  Drone x3  
  114  8:32  Drone x3  
  120  8:37  Drone  
  120  8:38  Drone x5  
  126  8:43  Zerg Missile Weapons Level 1  
  126  8:50  Evolution Chamber, Hydralisk  
  126  8:51  Hydralisk  
  126  8:54  Zergling x2  
  126  8:55  Zergling x2  
  131  9:05  Hydralisk  
  131  9:06  Hydralisk  
  89  9:30  Hydralisk x5  
  75  9:34  Roach  
  75  9:35  Roach x2  
  75  9:38  Roach  
  83  9:40  Zergling x2  
  83  9:41  Zergling x20  
  94  9:49  Drone  
  94  9:50  Drone x2  
  97  10:02  Roach  
  97  10:03  Roach x3  
  97  10:06  Roach  
  102  10:19  Roach x9  
  84  10:23  Zergling x6  
  84  10:28  Baneling  
  82  10:34  Roach x2  
  68  10:45  Baneling x2  
Tags
 
Add a new tag
Caveats
  • Supply blocks, unpowered buildings, or Contaminate may cause inaccurate times.
  • Supply counts are checked every 10 seconds.